 Dungeon Crawl Stone Soup version 0.21.0-22-g11d5b52 (webtiles) character file.

3 Monsterracer the Caller (level 1, 0/12 HPs)
             Began as a Gargoyle Summoner on Jan 18, 2018.
             Slain by a leopard gecko (3 damage)
             ... on level 1 of the Dungeon.
             The game lasted 00:00:33 (106 turns).

Monsterracer the Caller (Gargoyle Summoner)          Turns: 106, Time: 00:00:33

Health: 0/12       AC:  4    Str: 11    XL:     1   Next: 50%
Magic:  0/3        EV: 12    Int: 15    God:
Gold:   0          SH:  0    Dex: 10    Spells: 3/4 levels left

rFire    . . .     SeeInvis .   (no weapon)
rCold    . . .     Gourm    .   (no shield)
rNeg     + . .     Faith    .   a - +0 robe
rPois    ∞         Spirit   .   (no helmet)
rElec    +         Reflect  .   (no cloak)
rCorr    .         Harm     .   (no gloves)
MR       .....                  (no boots)
Stlth    ++........             (no amulet)
HPRegen  0.04/turn              (no ring)
MPRegen  0.08/turn              (no ring)

@: no status effects
A: negative energy resistance 1, electricity resistance, unbreathing,
petrification resistance, rot immunity, AC +2
a: no special abilities


You were on level 1 of the Dungeon.
You were not hungry.

You visited 1 branch of the dungeon, and saw 1 of its levels.

Inventory:

Armour
 a - a +0 robe (worn)
Books
 b - a book of Callings

   Spells                             Type                      Level
   a - Summon Small Mammal            Summoning                    1
   b - Call Imp                       Summoning                    2
   c - Call Canine Familiar           Summoning                    3
   d - Summon Guardian Golem          Hexes/Summoning              3
   e - Summon Lightning Spire         Summoning/Air                4
   f - Summon Ice Beast               Ice/Summoning                4
Comestibles
 c - a ration


   Skills:
 + Level 1.0 Fighting
 - Level 1.5 Dodging
 - Level 2.1 Stealth
 - Level 2.0 Spellcasting
 - Level 3.6 Summonings


You had 3 spell levels left.
You knew the following spells:

 Your Spells              Type           Power        Failure   Level  Hunger
a - Summon Small Mammal   Summ           ##..         4%          1    #......


Dungeon Overview and Level Annotations

Branches:
Dungeon (1/15)

Altars:


Innate Abilities, Weirdness & Mutations

You are resistant to torment.
Your stone body is resilient. (AC +2)
You are immune to poison.
You resist negative energy. (rN+)
You are resistant to electric shocks. (rElec)
You can survive without breathing.
You are immune to petrification.
You are immune to rotting.


Message History

Your rat closely misses the rat.
You hit the rat but do no damage. The rat barely misses you.
Your rat barely misses the rat.
You closely miss the rat. The rat bites you.
* * * LOW HITPOINT WARNING * * *
Your rat misses the rat.
You take 2 damage, and have 3/11 hp.
You swap places.
The rat bites you but does no damage.
Your rat bites the rat.
Your rat barely misses the rat.
The jackal barely misses your rat.
Your rat bites the jackal but does no damage.
You hit the rat.
You kill the rat!
Your rat barely misses the jackal.
You barely miss the jackal. The jackal barely misses you.
Your rat completely misses the jackal.
You closely miss the jackal.
The jackal bites you but does no damage.
The hobgoblin hits your rat.
Your rat dies!
Your rat's corpse disappears in a puff of smoke!
The jackal closely misses you.
You hit the jackal.
The jackal is heavily wounded.
The jackal barely misses you.
Casting: Summon Small Mammal
Confirm with . or Enter, or press ? or * to list all spells.
The jackal barely misses you.
You now have 1/3 mp.
The jackal barely misses you.
You swap places.
The jackal bites your quokka.
Your quokka bites the jackal.
The jackal dies!
The jackal bites your quokka.
Your quokka dies!
Your quokka's corpse disappears in a puff of smoke!
Casting: Summon Small Mammal
Confirm with . or Enter, or press ? or * to list all spells.
The jackal closely misses your bat. x2
You now have 0/3 mp.
Your bat barely misses the jackal. x2; The jackal closely misses your bat.
Your bat hits the jackal but does no damage.
The jackal misses your bat. The jackal barely misses your bat.
Your bat barely misses the jackal.
Your bat hits the jackal but does no damage.
Casting: Summon Small Mammal
Confirm with . or Enter, or press ? or * to list all spells.
Your bat misses the jackal.
Your bat closely misses the jackal.
The jackal barely misses you.
Your bat completely misses the leopard gecko.
The jackal closely misses you.
You now have 0/3 mp.
Your bat completely misses the jackal.
Your bat hits the leopard gecko but does no damage.
The leopard gecko misses your bat.
The leopard gecko barely misses your bat.
You swap places.
Your bat hits the jackal. Your bat misses the jackal.
Your bat closely misses the jackal.
Your bat hits the jackal. The jackal barely misses your bat.
The leopard gecko bites your bat.
Your bat closely misses the leopard gecko.
Your bat hits the jackal but does no damage.
Your bat misses the leopard gecko.
Your bat hits the jackal but does no damage.
The jackal bites your bat.
Your bat barely misses the jackal.
Your bat hits the jackal. The leopard gecko bites your bat.
Your bat dies!
Your bat's corpse disappears in a puff of smoke!
The jackal closely misses your bat.
Your bat hits the jackal. The jackal barely misses your bat.
Your bat closely misses the jackal.
Your bat hits the jackal. The jackal closely misses your bat.
The jackal misses your bat.
The leopard gecko hisses menacingly.
Your bat hits the jackal but does no damage.
Your bat barely misses the jackal.
The jackal barely misses your bat.
Your bat hits the jackal.
The jackal dies!
Your Fighting skill increases to level 1!
The leopard gecko misses your bat.
The leopard gecko bites your bat but does no damage.
Your bat barely misses the leopard gecko.
Your bat closely misses the leopard gecko.
Your bat hits the leopard gecko. The leopard gecko bites your bat.
Your bat dies!
Your bat's corpse disappears in a puff of smoke!
The leopard gecko bites you.
* * * LOW HITPOINT WARNING * * *
You take 2 damage, and have 2/12 hp.
Casting: Summon Small Mammal
Confirm with . or Enter, or press ? or * to list all spells.
The leopard gecko misses you.
You now have 0/3 mp.
You swap places.
The leopard gecko bites your rat.
Your rat closely misses the leopard gecko.
The leopard gecko bites your rat.
Your rat dies!
Your rat's corpse disappears in a puff of smoke!
You hit the leopard gecko but do no damage.
The leopard gecko is moderately wounded.
The leopard gecko bites you.
You die...

#gl††.#
#####.#
#l# #h#
#.# #h#
###g#
#.l.#
#@#.#
###.###
#(....##
#.#8≈8#.#
# #≈≈≈#.#
#8≈8#.# #
#≈≈≈#.#
#.#8≈8#.#
#.....##


You could see a leopard gecko, a jackal and a hobgoblin.

Vanquished Creatures
  A kobold (D:1)
  A rat (D:1)
2 creatures vanquished.

Vanquished Creatures (collateral kills)
  A goblin (D:1)
  2 jackals (D:1)
3 creatures vanquished.

Grand Total: 5 creatures vanquished

Notes
Turn   | Place    | Note
-------+----------+-------------------------------------------
     0 | D:1      | Monsterracer the Gargoyle Summoner began the quest for the Orb.
     0 | D:1      | Reached XP level 1. HP: 10/10 MP: 3/3
    66 | D:1      | HP: 5/10 [kobold (3)]
    72 | D:1      | HP: 3/11 [rat (2)]
    94 | D:1      | Reached skill level 1 in Fighting
    99 | D:1      | HP: 2/12 [leopard gecko (2)]
   106 | D:1      | Slain by a leopard gecko

Skill      XL: |  1 |
---------------+----+-----
Fighting       | 1 |  1.0
Dodging        | |  1.5
Stealth        | |  2.1
Spellcasting   | |  2.0
Summonings     | |  3.6

Action                   || total
-------------------------++-------
Melee: Unarmed           ||    22
 Cast: Summon Small Mamm ||     8
Armor: Robe              ||     4
Dodge: Dodged            ||    18

Vault maps used:
D:1:      lightli_arrival_statue_moat, hex_medium, minmay_misc_feat_columns,
          minmay_tall_x
